 Dungeon Crawl Stone Soup version 0.29.1-12-g30fa7ad0bf (webtiles) character file.

Game seed: 353182503394450048

26 hawla the Firebug (level 3, 0/26 HPs)
             Began as a Meteoran Fire Elementalist on Jan 13, 2023.
             Slain by a goblin
             ... wielding a +0 dagger
              (1 damage)
             ... on level 3 of the Dungeon.
             The game lasted 00:02:49 (346 turns).

hawla the Firebug (Meteoran Fire Elementalist)       Turns: 346, Time: 00:02:50

Health: 0/26       AC:  2    Str: 10    XL:     3   Next: 41%
Magic:  7/7        EV:  9    Int: 18    God:
Gold:   85         SH:  0    Dex: 14    Spells: 5/8 levels left

rFire   + . .      SeeInvis .   d - staff of fire
rCold   . . .      Faith    .   (no shield)
rNeg    . . .      Spirit   .   a - +0 robe
rPois   .          Reflect  .   (no helmet)
rElec   .          Harm     .   f - scarf {repulsion}
rCorr   .          Rampage  .   (no gloves)
Will    .....                   (no boots)
Stlth   +.........              (no amulet)
HPRegen 0.08/turn               (no ring)
MPRegen 0.10/turn               (no ring)

@: mighty, glowing, constricted, repel missiles
A: sense surroundings 1, otherworldly, glowing, explore regen, low MP 1
a: no special abilities


You were on level 3 of the Dungeon.
You visited 1 branch of the dungeon, and saw 3 of its levels.

You collected 85 gold pieces.

Inventory:

Armour
 a - a +0 robe (worn)
 f - a scarf of repulsion (worn)
Magical Staves
 d - a staff of fire (weapon)
Scrolls
 h - a scroll of amnesia {unknown}
 i - a scroll of poison {unknown}
 j - a scroll of teleportation
 k - a scroll of identify {unknown}
Potions
 b - a potion of magic
 g - a potion of flight {unknown}


   Skills:
 - Level 2.5 Dodging
 - Level 1.4 Stealth
 - Level 3.0 Spellcasting
 - Level 1.5 Conjurations
 - Level 4.2 Fire Magic
 + Level 1.5 Evocations


You had 5 spell levels left.
You knew the following spells:

 Your Spells              Type           Power      Damage    Failure   Level
a - Foxfire               Conj/Fire      76%        2x1d7     4%          1
b - Scorch                Fire           54%        2d7       4%          2

Your spell library contained the following spells:

 Spells                   Type           Power      Damage    Failure   Level
 Conjure Flame            Conj/Fire      19%        6-21      16%         3
 Inner Flame              Hex/Fire       15%        N/A       21%         3
 Flame Wave               Conj/Fire      19%        2d7       45%         4


Dungeon Overview and Level Annotations

Branches:
Dungeon (3/15) Zot: 1452

Altars:


Innate Abilities, Weirdness & Mutations

You passively map a small area around you.
You are easily found by Zot.
You glow in the dark.
You regain HP and MP as you explore.
Your magical capacity is low. (-10% MP)


Message History

Your foxfire dissipates!
The hobgoblin closely misses you.
You hit the hobgoblin.
You kill the hobgoblin!
The foxfire hits the goblin.
You kill the goblin!
There is an open door here.
You see here a hobgoblin corpse.
Things that are here:
a +0 club; a goblin corpse A goblin comes into view.
It is wielding a +0 dagger.
The goblin shouts!
You hear an angry hiss.
A ball python comes into view.
There are monsters nearby!
An orc and a kobold brigand come into view.
The kobold brigand is wielding a +2 dagger of electrocution and quivering poisoned darts.
The orc shouts!
The kobold brigand shouts!
You hear an angry hiss.
There is an open door here.
A ball python comes into view.
The ball python barely misses you. The ball python grabs you.
The ball python constricts you. The goblin hits you with a +0 dagger.
You hit the ball python.
The ball python is heavily wounded.
The ball python closely misses you. The ball python constricts you.
The kobold brigand hits you with a +2 dagger of electrocution.
The goblin hits you with a +0 dagger.
It was a potion of mutation.
You feel extremely strange.
You feel less energetic. The ball python bites you.
The ball python constricts you.
The kobold brigand hits you with a +2 dagger of electrocution.
The goblin hits you with a +0 dagger.
It was a potion of might.
You feel very mighty all of a sudden.
The ball python bites you but does no damage.
The ball python constricts you.
An adder comes into view.
The kobold brigand hits you with a +2 dagger of electrocution!
* * * LOW HITPOINT WARNING * * *
The goblin hits you with a +0 dagger.
You die...

##.#...#####.###.#..##..#
##.#.#.## #.....#......#
####.###..#
######.......#, #...##
##.# #.####(## #.##.# ..#
#.# #.#*
#.#####################
#.# #)##...# #..+......#*
* #.. #.##.8.+
...#.g....# ...
#.##...#v..##@Ko...# #.##
#.##.†.#§.##'.S.###.., ..
#..).8.)###.#.S.# ,
####...#.#..#...#* * ,
#...#.)##'###..
*#.8.†##..## ...., * *
#...## .## *, .S. , #####
## ### * * * *


You could see a kobold brigand, an adder (wandering), an orc, a goblin and 2
ball pythons.

Vanquished Creatures
  3 orcs (D:3)
  3 endoplasms
  2 goblins (D:3)
  A hobgoblin (D:3)
  2 quokkas
  3 ball pythons
  2 bats
  2 kobolds
  2 rats (D:1)
20 creatures vanquished.

Vanquished Creatures (others)
  33 foxfires
33 creatures vanquished.

Grand Total: 53 creatures vanquished

Notes
Turn   | Place    | Note
-------+----------+-------------------------------------------
     0 | D:1      | hawla the Meteoran Fire Elementalist began the quest for
                  | the Orb.
     0 | D:1      | Reached XP level 1. HP: 14/14 MP: 5/5
    42 | D:1      | Reached XP level 2. HP: 20/20 MP: 3/6
    45 | D:1      | Learned a level 2 spell: Scorch
    79 | D:1      | Reached skill level 4 in Fire Magic
   316 | D:3      | Reached XP level 3. HP: 9/26 MP: 5/8
   327 | D:3      | Reached skill level 1 in Evocations
   341 | D:3      | Noticed a kobold brigand
   345 | D:3      | Gained mutation: Your magical capacity is low. (-10% MP)
                  | [potion of mutation]
   346 | D:3      | HP: 1/26 [kobold brigand/+2 dagger of electrocution (9)]
   346 | D:3      | Slain by a goblin

Illustrated notes

Levels and vault maps discovered:
D:1:      lemuel_arrival_behind_the_door_small, layout_rooms,
          hellmonk_ecumenical_altar_blasted, hangedman_abyss_or_decor_stabs,
          minmay_heptomino_o4
D:2:      wander_river, layout_basic, solitary_fountain, uniq_robin
D:3:      minmay_chambers_of_threes, layout_loops_ring, tgw_sif

Skill      XL: |  1  2  3 |
---------------+----------+-----
Fire Magic     | 4 |  4.2
Spellcasting   | 3 |  3.0
Evocations     | 1 |  1.5
Dodging        | |  2.5
Stealth        | |  1.4
Conjurations   | |  1.5

Action                   || total
-------------------------++-------
Melee: Unarmed           ||     1
       Staff             ||     8
 Cast: Foxfire           ||    21
       Scorch            ||     1
  Use: Scroll            ||     1
       Potion            ||     2
Armor: Robe              ||     3
Dodge: Dodged            ||     8
